 Dungeon Crawl Stone Soup version 0.26.1-16-g4e020e15dc (webtiles) character file.

Game seed: 6203732147661756693

1234 Froggeryz the Grappler (level 8, 0/58 HPs)
             Began as a Demonspawn Gladiator on Feb 15, 2023.
             Slain by a hound (4 damage)
             ... on level 6 of the Dungeon.
             The game lasted 00:06:17 (6643 turns).

Froggeryz the Grappler (Demonspawn Gladiator)       Turns: 6643, Time: 00:06:18

Health: 0/58       AC:  7    Str: 17    XL:     8   Next: 24%
Magic:  8/8        EV: 13    Int:  9    God:
Gold:   94         SH:  0    Dex: 15    Spells: 7/7 levels left

rFire    + . .     SeeInvis .     - Unarmed
rCold    . . .     Faith    .   (no shield)
rNeg     . . .     Spirit   .   v - +0 leather armour {rF+}
rPois    .         Reflect  .   s - +2 helmet
rElec    .         Harm     .   p - +0 cloak
rCorr    .         Rampage  .   (no gloves)
Will     +....                  (no boots)
Stlth    +.........             (no amulet)
HPRegen  0.19/turn              g - ring of willpower
MPRegen  0.11/turn              (no ring)

@: no status effects
A: claws 1, miasma immunity
a: no special abilities


You were on level 6 of the Dungeon.
You visited 1 branch of the dungeon, and saw 6 of its levels.

You collected 280 gold pieces.
You spent 186 gold pieces at shops.

Inventory:

Missiles
 c - 4 throwing nets
 n - 24 poisoned darts (quivered)
 u - 6 curare-tipped darts
Armour
 i - a +2 robe of willpower
 p - a +0 cloak (worn)
 s - a +2 helmet (worn)
 v - a +0 leather armour of fire resistance (worn)
Jewellery
 g - a ring of willpower (left claw)
Wands
 m - a wand of flame (36)
 E - a wand of disintegration (13)
Scrolls
 a - 3 scrolls of teleportation {unknown}
 d - a scroll of noise {unknown}
 e - 7 scrolls of identify {unknown}
 f - a scroll of fog {unknown}
 r - 2 scrolls of blinking
 w - 2 scrolls of enchant weapon {unknown}
 y - a scroll of enchant armour {unknown}
 z - a scroll of amnesia {unknown}
 A - a scroll of magic mapping {unknown}
 B - a scroll of random uselessness {unknown}
 D - 2 scrolls of remove curse {unknown}
 F - a scroll of fear {unknown}
Potions
 b - a potion of ambrosia {unknown}
 h - 5 potions of curing
 j - 2 potions of attraction {unknown}
 k - 4 potions of flight {unknown}
 l - 2 potions of magic {unknown}
 o - 2 potions of lignification {unknown}
 q - a potion of haste {unknown}
 t - 2 potions of brilliance {unknown}
 x - a potion of mutation {unknown}
 C - a potion of heal wounds


   Skills:
 + Level 3.0 Fighting
 - Level 1.7 Throwing
 - Level 3.4 Armour
 - Level 2.6 Dodging
 * Level 8.5 Unarmed Combat


You had 7 spell levels left.
You didn't know any spells.
Your spell library contained the following spells:

 Spells                   Type           Power        Failure   Level
 Haunt                    Necr/Summ      0%           100%        7
 Borgnjor's Revivificati  Necr           0%           100%        8
 Infestation              Necr           0%           100%        8
 Necromutation            Tmut/Necr      0%           100%        8
 Death's Door             Necr           0%           100%        9


Dungeon Overview and Level Annotations

Branches:
Dungeon (6/15)
 Temple: D:4-7

Altars:
Ashenzari
Fedhas
Gozag
Nemelex Xobeh
Qazlal
Vehumet
Yredelemnul

Shops:
D:5 *

Annotations:
D:6 2 runed translucent doors


Innate Abilities, Weirdness & Mutations

You have sharp fingernails.
You are immune to miasma.


Message History

* * * LOW HITPOINT WARNING * * *
A leopard gecko zombie comes into view.
A centaur skeleton comes into view.
A sky beast appears from thin air!
Reactivating autopickup.
The hound bites you but does no damage. The hound bites you but does no damage.
The leopard gecko zombie bites you.
* * * LOW HITPOINT WARNING * * *
The sky beast flickers out of sight!
Deactivating autopickup; reactivate with Ctrl-A.
The hound bites you.
* * * LOW HITPOINT WARNING * * *
The hound misses you. The hound bites you.
* * * LOW HITPOINT WARNING * * *
The hound bites you but does no damage.
There is a stone staircase leading up here.
The hound bites you.
You die...

###..'......+...
#.†#8....8#...
#..##8.[8##§..
###...######....
##..Z............
###....Z...Z..###..
##.....#..#..#...#..
#...Z.##..#........#
#..@h.....#...##....
#####..........#....
#.....##..........
#...###...........
#....# ........
##.... ...... #....
..... ..... .......


You could see a hound, a leopard gecko zombie, an adder zombie and a centaur
skeleton.

Vanquished Creatures
  Sigmund (D:2)
  A sky beast (D:5)
  2 ogres
  A phantom (D:4)
  A bullfrog (D:6)
  3 bullfrog zombies (D:6)
  4 orc wizards
  3 orc priests
  3 hounds
  A centaur skeleton (D:4)
  2 worker ants (D:5)
  2 hound skeletons
  5 adders
  2 oozes
  An adder skeleton (D:6)
  4 worms
  4 dart slugs
  5 leopard geckos (D:3)
  6 orcs
  A ball python (D:1)
  4 bats
  3 giant cockroaches
  11 goblins
  9 hobgoblins
  7 jackals (D:3)
  9 kobolds
  5 frilled lizards
  A leopard gecko skeleton (D:2)
  9 rats
110 creatures vanquished.

Vanquished Creatures (others)
  4 withered plants (D:6)
4 creatures vanquished.

Grand Total: 114 creatures vanquished

Notes
Turn   | Place    | Note
-------+----------+-------------------------------------------
     0 | D:1      | Froggeryz the Demonspawn Gladiator began the quest for the
                  | Orb.
     0 | D:1      | Reached XP level 1. HP: 16/16 MP: 1/1
   271 | D:1      | Reached skill level 3 in Unarmed Combat
   273 | D:1      | Gained mutation: You have sharp fingernails. [demonic
                  | ancestry]
   273 | D:1      | Reached XP level 2. HP: 6/22 MP: 2/2
  1081 | D:2      | Reached skill level 1 in Armour
  1331 | D:2      | Reached XP level 3. HP: 27/27 MP: 3/3
  1684 | D:2      | Noticed Sigmund
  1701 | D:2      | Killed Sigmund
  1702 | D:2      | Reached skill level 4 in Unarmed Combat
  1702 | D:2      | Reached XP level 4. HP: 23/33 MP: 4/4
  1702 | D:2      | Reached XP level 5. HP: 27/38 MP: 5/5
  2065 | D:2      | Reached skill level 5 in Unarmed Combat
  2152 | D:2      | Found an opulent altar of Gozag.
  2931 | D:3      | Reached XP level 6. HP: 42/44 MP: 6/6
  3816 | D:3      | Found a sparkling altar of Nemelex Xobeh.
  3993 | D:3      | Reached skill level 6 in Unarmed Combat
  4112 | D:4      | Reached XP level 7. HP: 31/50 MP: 7/7
  5016 | D:4      | Found a basalt altar of Yredelemnul.
  5133 | D:4      | Found Wilockell's Assorted Antiques.
  5266 | D:5      | Entered Level 5 of the Dungeon
  5350 | D:5      | Found a radiant altar of Vehumet.
  5371 | D:5      | Reached skill level 7 in Unarmed Combat
  5444 | D:5      | Found a broken altar of Ashenzari.
  5444 | D:5      | Found a faded altar of an unknown god.
  5450 | D:5      | Found a faded altar of an unknown god.
  5452 | D:5      | Found a blossoming altar of Fedhas.
  5454 | D:5      | Found a stormy altar of Qazlal.
  5595 | D:5      | Found Xaec's General Store.
  5599 | D:5      | Bought a scroll of blinking for 90 gold pieces
  5599 | D:5      | Bought a potion of heal wounds for 60 gold pieces
  5599 | D:5      | Bought a potion of curing for 36 gold pieces
  6425 | D:6      | Found a large runed translucent door.
  6426 | D:6      | Found a large runed translucent door.
  6426 | D:6      | Found a large runed translucent door.
  6430 | D:6      | Found a large runed translucent door.
  6445 | D:6      | Reached skill level 8 in Unarmed Combat
  6475 | D:6      | Gained mutation: You are immune to miasma. [demonic
                  | ancestry]
  6475 | D:6      | Reached XP level 8. HP: 52/57 MP: 8/8
  6643 | D:6      | Slain by a hound

Illustrated notes

Levels and vault maps discovered:
D:1:      dpeg_arrival_another_circle, layout_loops_ring
D:2:      layout_loops_ring, grunt_gozag_breadcrumbs, uniq_sigmund
D:3:      layout_basic, lemuel_crystal_altar,
          wander_ebering_terrifying_dragon_lair
D:4:      layout_layer_cave, lemuel_crystal_altar, serial_shops,
          nicolae_shop_competitors_out_of_business, st_stairs_6,
          hangedman_abyss_or_decor_stagger
D:5:      layout_gridville, vehumet_altar_wand_db,
          chequers_temple_overflow_minitemple, serial_shops, shop, dk_vineyard_1
D:6:      layout_cave_pools, serial_undead, serial_undead_a, serial_undead_b,
          serial_undead_d, serial_undead_a, serial_undead_a, serial_undead_c,
          serial_undead_b, serial_undead_d, minmay_hollow_rounded_squares

Skill      XL: |  1  2  3  4  5  6  7  8 |
---------------+-------------------------+-----
Unarmed Combat | 3 4 5 6 8 |  8.5
Armour         | 1 2 3 |  3.4
Fighting       | 3 |  3.0
Throwing       | |  1.7
Dodging        | |  2.6

Action                   |  1- 3 |  4- 6 |  7- 9 || total
-------------------------+-------+-------+-------++-------
Melee: Unarmed           |   105 |   191 |   123 ||   419
       Punch             |     5 |     5 |     9 ||    19
Throw: Throwing net      |     1 |       |       ||     1
       Dart              |       |     6 |       ||     6
  Use: Potion            |       |     2 |       ||     2
 Stab: Sleeping          |     2 |     2 |       ||     4
       Held in net/web   |     1 |       |       ||     1
       Invisible         |       |     3 |       ||     3
Armor: Leather armour    |    11 |       |    55 ||    66
       Robe              |    16 |    31 |    11 ||    58
Dodge: Dodged            |    64 |   131 |    84 ||   279
